3R
FRANKLIN FIRE @ SHERIDAN DEER
07/26/2033
 
TOP OF THE 1ST
Franklin Fire batting - Pitching for Sheridan Deer : RHP Albert Karlier
Pitching: RHP Albert Karlier
Batting: LHB Mitchell Pate 0-0: Ball
1-0: Called Strike
1-1: Swinging Strike
1-2: Foul Ball, location: 2F
1-2: Ball
2-2: Ball
3-2: Base on Balls
Batting: RHB Peter Holland 0-0: Ball
1-0: Called Strike
1-1: Called Strike
1-2: Ball
2-2: Strikes out swinging
Batting: RHB Djakapura Makanamaikai 0-0: Fly out, F8 (Flyball, 8LD)
Batting: SHB Govaart Baars 0-0: Ball
1-0: Fly out, F9 (Flyball, 9LSF)
Top of the 1st over - 0 runs, 0 hits, 0 errors, 1 left on base; Franklin 0 - Sheridan 0
BOTTOM OF THE 1ST
Sheridan Deer batting - Pitching for Franklin Fire : RHP Carlos Simon
Pitching: RHP Carlos Simon
Batting: RHB Brian Andrade 0-0: Ground out 6-3 (Groundball, 6)
Batting: RHB Richard Trevithick 0-0: Foul Ball, location: 2F
0-1: Called Strike
0-2: Foul Ball, location: 2F
0-2: Ball
1-2: Ball
2-2: Foul Ball, location: 2F
2-2: Strikes out swinging, 2-3 out at first.
Batting: RHB Daniel Divina 0-0: Foul Ball, location: 2F
0-1: Ball
1-1: Ball
2-1: Ball
3-1: Base on Balls
Batting: RHB Gabriel Torres 0-0: Called Strike
0-1: Ball
1-1: Ball
Passed Ball!
Daniel Divina to second
2-1: Foul Ball, location: 2F
2-2: Foul Ball, location: 2F
2-2: Foul Ball, location: 2F
2-2: Ground out 6-3 (Groundball, 6)
Bottom of the 1st over - 0 runs, 0 hits, 0 errors, 1 left on base; Franklin 0 - Sheridan 0
TOP OF THE 2ND
Franklin Fire batting - Pitching for Sheridan Deer : RHP Albert Karlier
Batting: RHB Thomas Flyer 0-0: Called Strike
0-1: Ball
1-1: Ball
2-1: Called Strike
2-2: Fly out, F4 (Line Drive, 4)
Batting: LHB Wilson Hernández 0-0: Called Strike
0-1: Foul Ball, location: 2F
0-2: Ball
1-2: Strikes out looking
Batting: RHB Dan Lewis 0-0: SINGLE (Line Drive, 7S)
Batting: LHB Kent Maxwell 0-0: Ball
1-0: Ball
2-0: Fly out, F3 (Popup, 3SF)
Top of the 2nd over - 0 runs, 1 hit, 0 errors, 1 left on base; Franklin 0 - Sheridan 0
BOTTOM OF THE 2ND
Sheridan Deer batting - Pitching for Franklin Fire : RHP Carlos Simon
Batting: RHB Chaim Werkman 0-0: Foul Ball, location: 2F
0-1: Ground out U3 (Groundball, 34)
Batting: RHB Shigeaki Samurakami 0-0: Ball
1-0: Ball
2-0: Foul Ball, location: 2F
2-1: Ball
3-1: Called Strike
3-2: SINGLE (Flyball, 78M)
Batting: LHB Armando Cedeño 0-0: Ball
1-0: Ball
Passed Ball!
Shigeaki Samurakami to second
2-0: Ground out 1-3 (Groundball, 13)
Shigeaki Samurakami to third
Batting: RHB Ju-choer Park 0-0: Ball
1-0: Ball
2-0: Foul Ball, location: 2F
2-1: Fly out, F8 (Flyball, 89D)
Bottom of the 2nd over - 0 runs, 1 hit, 0 errors, 1 left on base; Franklin 0 - Sheridan 0
TOP OF THE 3RD
Franklin Fire batting - Pitching for Sheridan Deer : RHP Albert Karlier
Batting: RHB Shannon L. Alder 0-0: Ball
1-0: Foul Ball, location: 2F
1-1: Called Strike
1-2: Ball
2-2: SINGLE (Line Drive, 4M)
Batting: LHB Mitchell Pate 0-0: Foul Ball, location: 2F
0-1: Ball
1-1: Ball
2-1: Foul Ball, location: 2F
2-2: Fly out, F7 (Flyball, 78S)
Batting: RHB Peter Holland 0-0: Ball
1-0: Ball
2-0: Ball
3-0: Base on Balls
Shannon L. Alder to second
Batting: RHB Djakapura Makanamaikai 0-0: Swinging Strike
0-1: Ball
1-1: Ball
Wild Pitch!
Shannon L. Alder to third
Peter Holland to second
2-1: Fly out, F7 (Flyball, 78D)
Throwing error, E7
Shannon L. Alder scores
Peter Holland to third
Batting: SHB Govaart Baars 0-0: Ball
1-0: Fly out, F9 (Flyball, 9S)
Top of the 3rd over - 1 run, 1 hit, 1 error, 1 left on base; Franklin 1 - Sheridan 0
BOTTOM OF THE 3RD
Sheridan Deer batting - Pitching for Franklin Fire : RHP Carlos Simon
Batting: RHB Tolenka Kafengauz 0-0: SINGLE (Flyball, 8RS)
Batting: RHB Brian Andrade 0-0: Foul Ball, location: 2F
0-1: Swinging Strike
Passed Ball!
Tolenka Kafengauz to second
0-2: Ball
1-2: Strikes out swinging, 2-3 out at first.
Batting: RHB Richard Trevithick 0-0: Ball
Tolenka Kafengauz steals 3rd base
1-0: Ball
2-0: Called Strike
2-1: Ball
3-1: Foul Ball, location: 2F
3-2: Ground out 4-3 (Groundball, 4)
Tolenka Kafengauz scores
Batting: RHB Daniel Divina 0-0: Swinging Strike
0-1: Ball
1-1: Foul Ball, location: 2F
1-2: Ground out 4-3 (Groundball, 4)
Bottom of the 3rd over - 1 run, 1 hit, 0 errors, 0 left on base; Franklin 1 - Sheridan 1
TOP OF THE 4TH
Franklin Fire batting - Pitching for Sheridan Deer : RHP Albert Karlier
Batting: RHB Thomas Flyer 0-0: Called Strike
0-1: Foul Ball, location: 2F
0-2: Strikes out swinging, 2-3 out at first.
Batting: LHB Wilson Hernández 0-0: Called Strike
0-1: Ball
1-1: Swinging Strike
1-2: Ball
2-2: Fly out, F6 (Popup, 6)
Batting: RHB Dan Lewis 0-0: SINGLE (Groundball, 3D)
Batting: LHB Kent Maxwell 0-0: Called Strike
0-1: Swinging Strike
0-2: Reached via error on a dropped throw, E1
Dan Lewis to second
Batting: RHB Shannon L. Alder 0-0: Swinging Strike
0-1: Ball
1-1: Foul Ball, location: 2F
1-2: Ball
2-2: Foul Ball, location: 2F
2-2: Strikes out swinging
Top of the 4th over - 0 runs, 1 hit, 1 error, 2 left on base; Franklin 1 - Sheridan 1
BOTTOM OF THE 4TH
Sheridan Deer batting - Pitching for Franklin Fire : RHP Carlos Simon
Batting: RHB Gabriel Torres 0-0: Ball
1-0: Called Strike
1-1: Ball
2-1: Foul Ball, location: 2F
2-2: Ball
3-2: Foul Ball, location: 2F
3-2: Base on Balls
Batting: RHB Chaim Werkman 0-0: Ball
Gabriel Torres steals 2nd base
1-0: Called Strike
1-1: Called Strike
1-2: Ground out 6-3 (Groundball, 6)
Gabriel Torres to third
Batting: RHB Shigeaki Samurakami 0-0: Ball
1-0: Swinging Strike
1-1: SINGLE (Groundball, 6D)
Gabriel Torres scores
Batting: LHB Armando Cedeño 0-0: Ball
1-0: Ball
Shigeaki Samurakami steals 2nd base
2-0: Swinging Strike
2-1: SINGLE (Flyball, 78M)
Shigeaki Samurakami to third
Runner from 3rd tries for Home, SAFE, no throw
Batting: RHB Ju-choer Park 0-0: Ball
1-0: Foul Ball, location: 2F
1-1: Grounds into double play, 4-6-3 (Groundball, 4)
Bottom of the 4th over - 2 runs, 2 hits, 0 errors, 0 left on base; Franklin 1 - Sheridan 3
TOP OF THE 5TH
Franklin Fire batting - Pitching for Sheridan Deer : RHP Albert Karlier
Batting: LHB Mitchell Pate 0-0: Swinging Strike
0-1: Ball
1-1: Ball
2-1: Called Strike
2-2: SOLO HOME RUN (Flyball, 7D), Distance : 379 ft
Batting: RHB Peter Holland 0-0: Called Strike
0-1: Ball
1-1: Foul Ball, location: 2F
1-2: Strikes out swinging
Batting: RHB Djakapura Makanamaikai 0-0: Foul Ball, location: 2F
0-1: Ball
1-1: Ball
2-1: Fly out, F5 (Line Drive, 5)
Batting: SHB Govaart Baars 0-0: Ball
1-0: Ball
2-0: SOLO HOME RUN (Flyball, 9LD), Distance : 336 ft
Batting: RHB Thomas Flyer 0-0: Ball
1-0: Swinging Strike
1-1: Foul Ball, location: 2F
1-2: Strikes out looking
Top of the 5th over - 2 runs, 2 hits, 0 errors, 0 left on base; Franklin 3 - Sheridan 3
BOTTOM OF THE 5TH
Sheridan Deer batting - Pitching for Franklin Fire : RHP Carlos Simon
Batting: RHB Tolenka Kafengauz 0-0: Ball
1-0: Fly out, F8 (Flyball, 78D)
Batting: RHB Brian Andrade 0-0: Foul Ball, location: 2F
0-1: Fly out, F4 (Line Drive, 4MD)
Batting: RHB Richard Trevithick 0-0: Ball
1-0: Foul Ball, location: 2F
1-1: Swinging Strike
1-2: Ball
2-2: Fly out, F6 (Line Drive, 56)
Bottom of the 5th over - 0 runs, 0 hits, 0 errors, 0 left on base; Franklin 3 - Sheridan 3
TOP OF THE 6TH
Franklin Fire batting - Pitching for Sheridan Deer : RHP Albert Karlier
Pitching: RHP Joy-shan Tah
Batting: LHB Wilson Hernández 0-0: Swinging Strike
0-1: Called Strike
0-2: Foul Ball, location: 2F
0-2: Hit by Pitch
Batting: RHB Dan Lewis 0-0: Bunted foul
0-1: Bunted foul
0-2: Ball
1-2: Fly out, F9 (Flyball, 89D)
Batting: LHB Kent Maxwell 0-0: Fly out, F7 (Flyball, 7LMF)
Batting: RHB Shannon L. Alder 0-0: Called Strike
0-1: Called Strike
0-2: Ball
1-2: Ball
Wilson Hernández steals 2nd base
2-2: Strikes out looking
Top of the 6th over - 0 runs, 0 hits, 0 errors, 1 left on base; Franklin 3 - Sheridan 3
BOTTOM OF THE 6TH
Sheridan Deer batting - Pitching for Franklin Fire : RHP Carlos Simon
Batting: RHB Daniel Divina 0-0: Called Strike
0-1: Ball
1-1: Ball
2-1: Ball
3-1: SINGLE (Groundball, 6D)
Batting: RHB Gabriel Torres 0-0: Called Strike
Daniel Divina steals 2nd base
0-1: SINGLE (Groundball, 6MD)
Daniel Divina to third
Runner from 3rd tries for Home, SAFE, throw made home
Batting: RHB Chaim Werkman 0-0: Ball
1-0: Ball
2-0: Ball
3-0: Called Strike
3-1: Foul Ball, location: 2F
3-2: SINGLE (Flyball, 7S)
Gabriel Torres to second
Batting: RHB Shigeaki Samurakami 0-0: Called Strike
0-1: Foul Ball, location: 2F
0-2: Ball
1-2: Fly out, F3 (Popup, 34)
Batting: LHB Armando Cedeño 0-0: Ball
1-0: Fly out, F7 (Flyball, 7)
Batting: RHB Ju-choer Park 0-0: Called Strike
0-1: Ball
1-1: SINGLE (Line Drive, 89S)
Gabriel Torres to third
Chaim Werkman to second
Runner from 3rd tries for Home, SAFE, no throw
Pitching: LHP Alberto Villarreal
Batting: RHB Tolenka Kafengauz 0-0: Ground out 4-3 (Groundball, 4)
Bottom of the 6th over - 2 runs, 4 hits, 0 errors, 2 left on base; Franklin 3 - Sheridan 5
TOP OF THE 7TH
Franklin Fire batting - Pitching for Sheridan Deer : RHP Joy-shan Tah
Batting: LHB Mitchell Pate 0-0: Foul Ball, location: 2F
0-1: Ball
1-1: Ball
2-1: Foul Ball, location: 2F
2-2: Strikes out swinging
Batting: RHB Peter Holland 0-0: Ball
1-0: Ball
2-0: Swinging Strike
2-1: Foul Ball, location: 2F
2-2: Fly out, F8 (Flyball, 89M)
Batting: RHB Djakapura Makanamaikai 0-0: Ball
1-0: Ball
2-0: Ball
3-0: Called Strike
3-1: Foul Ball, location: 2F
3-2: Strikes out swinging
Top of the 7th over - 0 runs, 0 hits, 0 errors, 0 left on base; Franklin 3 - Sheridan 5
BOTTOM OF THE 7TH
Sheridan Deer batting - Pitching for Franklin Fire : LHP Alberto Villarreal
Batting: RHB Brian Andrade 0-0: Called Strike
0-1: Called Strike
0-2: Strikes out looking
Batting: RHB Richard Trevithick 0-0: Foul Ball, location: 2F
0-1: Foul Ball, location: 2F
0-2: Ball
1-2: Ball
2-2: Ball
3-2: Foul Ball, location: 2F
3-2: SINGLE (Groundball, 6MD)
Batting: RHB Daniel Divina 0-0: Ball
1-0: Ball
2-0: Ball
3-0: Called Strike
3-1: Base on Balls
Richard Trevithick to second
Batting: RHB Gabriel Torres 0-0: Ball
1-0: Swinging Strike
1-1: Foul Ball, location: 2F
1-2: Ball
2-2: Foul Ball, location: 2F
2-2: Foul Ball, location: 2F
2-2: Fielders Choice at 2nd, 4-6 (Groundball, 4)
Richard Trevithick to third
Batting: RHB Chaim Werkman 0-0: Ball
Wild Pitch!
Richard Trevithick scores
Gabriel Torres to second
1-0: Ball
2-0: SINGLE (Line Drive, 56)
Gabriel Torres to third
Runner from 3rd tries for Home, SAFE, no throw
Batting: RHB Shigeaki Samurakami 0-0: Ball
1-0: Called Strike
1-1: Ball
2-1: Ground out U3 (Groundball, 3L)
Bottom of the 7th over - 2 runs, 2 hits, 0 errors, 1 left on base; Franklin 3 - Sheridan 7
TOP OF THE 8TH
Franklin Fire batting - Pitching for Sheridan Deer : RHP Joy-shan Tah
Batting: SHB Govaart Baars 0-0: Ground out 4-3 (Groundball, 4S)
Batting: RHB Thomas Flyer 0-0: Ball
1-0: Called Strike
1-1: Ball
2-1: Ground out 4-3 (Groundball, 4M)
Batting: LHB Wilson Hernández 0-0: Called Strike
0-1: Ball
1-1: Fly out, F9 (Flyball, 89M)
Top of the 8th over - 0 runs, 0 hits, 0 errors, 0 left on base; Franklin 3 - Sheridan 7
BOTTOM OF THE 8TH
Sheridan Deer batting - Pitching for Franklin Fire : LHP Alberto Villarreal
Batting: LHB Armando Cedeño 0-0: Called Strike
0-1: Ball
1-1: Called Strike
1-2: Foul Ball, location: 2F
1-2: Ball
2-2: Ground out 4-3 (Groundball, 4M)
Batting: RHB Ju-choer Park 0-0: Ball
1-0: Ball
2-0: Called Strike
2-1: Called Strike
2-2: Ball
3-2: Fly out, F8 (Flyball, 89D)
Batting: RHB Tolenka Kafengauz 0-0: Ball
1-0: Called Strike
1-1: Called Strike
1-2: Strikes out swinging
Bottom of the 8th over - 0 runs, 0 hits, 0 errors, 0 left on base; Franklin 3 - Sheridan 7
TOP OF THE 9TH
Franklin Fire batting - Pitching for Sheridan Deer : RHP Joy-shan Tah
Batting: RHB Dan Lewis 0-0: Fly out, F8 (Flyball, 8LD)
Batting: LHB Kent Maxwell 0-0: DOUBLE (Line Drive, 78XD)
Batting: RHB Shannon L. Alder 0-0: Ball
1-0: Foul Ball, location: 2F
1-1: Foul Ball, location: 2F
1-2: Foul Ball, location: 2F
1-2: Ground out 6-3 (Groundball, 56)
Batting: LHB Mitchell Pate 0-0: Called Strike
0-1: Swinging Strike
0-2: Ball
1-2: Ball
2-2: Strikes out looking
Top of the 9th over - 0 runs, 1 hit, 0 errors, 1 left on base; Franklin 3 - Sheridan 7
Saturday, December 22nd, 2018 - OOTP Baseball 18.8 Build 76